 Dungeon Crawl Stone Soup version 0.25-a0-1133-g93ebf739aa (webtiles) character file.

Game seed: 551500296123402064, levelgen mode: deterministic

7 vurker the Charlatan (level 2, 0/21 HPs)
             Began as a Human Artificer on May 20, 2020.
             Slain by a giant cockroach (1 damage)
             ... on level 1 of the Dungeon.
             The game lasted 00:00:24 (220 turns).

vurker the Charlatan (Human Artificer)               Turns: 220, Time: 00:00:24

Health: 0/21       AC:  3    Str: 12    XL:     2   Next: 5%
Magic:  4/4        EV: 12    Int: 11    God:
Gold:   12         SH:  0    Dex: 13    Spells: 1/1 levels left

rFire    . . .     SeeInvis .   a - +0 short sword
rCold    . . .     Gourm    .   (no shield)
rNeg     . . .     Faith    .   b - +0 leather armour
rPois    .         Spirit   .   (no helmet)
rElec    .         Reflect  .   (no cloak)
rCorr    .         Harm     .   (no gloves)
MR       .....                  (no boots)
Stlth    +.........             (no amulet)
HPRegen  0.07/turn              (no ring)
MPRegen  0.09/turn              (no ring)

@: no status effects
A: no striking features
a: no special abilities


You were on level 1 of the Dungeon.
You were not hungry.

You visited 1 branch of the dungeon, and saw 1 of its levels.

You collected 12 gold pieces.

Inventory:

Hand Weapons
 a - a +0 short sword (weapon)
Armour
 b - a +0 leather armour (worn)
Wands
 d - a wand of enslavement (15)
 f - a wand of random effects (12)
 t - a wand of flame (15)
Comestibles
 e - a ration


   Skills:
 + Level 1.2 Fighting
 - Level 1.0 Short Blades
 + Level 0.4 Armour
 * Level 2.2 Dodging
 - Level 1.0 Stealth
 + Level 3.1 Evocations


You had one spell level left.
You didn't know any spells.
Your spell library was empty.

Dungeon Overview and Level Annotations

Branches:
Dungeon (1/15)

Altars:


Message History

You hit the rat.
You kill the rat!
The giant cockroach bites you but does no damage.
The giant cockroach closely misses you. The leopard gecko closely misses you.
You barely miss the giant cockroach.
The giant cockroach bites you but does no damage.
The rat barely misses you.
The giant cockroach bites you but does no damage.
The leopard gecko bites you. The giant cockroach barely misses you.
You hit the giant cockroach but do no damage.
The rat bites you but does no damage. The giant cockroach bites you.
* * * LOW HITPOINT WARNING * * *
The leopard gecko bites you but does no damage.
The giant cockroach bites you.
* * * LOW HITPOINT WARNING * * *
The rat bites you.
* * * LOW HITPOINT WARNING * * *
The giant cockroach closely misses you. The leopard gecko barely misses you.
You see here a frilled lizard corpse.
The giant cockroach closely misses you.
The giant cockroach bites you but does no damage.
The giant cockroach bites you.
* * * LOW HITPOINT WARNING * * *
You see here a +0 club.
The giant cockroach bites you but does no damage.
You hit the giant cockroach. The giant cockroach misses you.
You hit the giant cockroach. The giant cockroach misses you.
You hit the giant cockroach.
You kill the giant cockroach!
You have reached level 2!
You closely miss the giant cockroach. The giant cockroach bites you.
* * * LOW HITPOINT WARNING * * *
You closely miss the giant cockroach. The giant cockroach bites you.
* * * LOW HITPOINT WARNING * * *
You closely miss the giant cockroach. The giant cockroach misses you.
The giant cockroach bites you but does no damage.
You hit the giant cockroach.
The giant cockroach waves its antennae.
The giant cockroach misses you.
Aim: a giant cockroach (heavily wounded)
The giant cockroach flickers and vanishes!
Deactivating autopickup; reactivate with Ctrl-A.
Something bites you.
* * * LOW HITPOINT WARNING * * *
Aim: a rat Nothing appears to happen.
Something bites you but does no damage. x2
Aim: a rat The bolt of poison misses the rat.
Something bites you but does no damage. Something bites you.
You die...

#......#.#........###..
#.####.#.##...##..# ..
#.#<.#.#.##.......###
#.#.(..#.#..#.......#
#.######.#.##l...##..
##........####....#
#..######..# #....#
#..######..###)..##
#...........@{r..#
######......##l..#
#############


You could see a leopard gecko and a rat.

Vanquished Creatures
  A bat (D:1)
  A giant cockroach (D:1)
  A goblin (D:1)
  A hobgoblin (D:1)
  A frilled lizard (D:1)
  A rat (D:1)
6 creatures vanquished.

Notes
Turn   | Place    | Note
-------+----------+-------------------------------------------
     0 | D:1      | vurker the Human Artificer began the quest for the Orb.
     0 | D:1      | Reached XP level 1. HP: 15/15 MP: 3/3
   213 | D:1      | Reached XP level 2. HP: 5/21 MP: 4/4
   218 | D:1      | HP: 1/21 [something (1)]
   220 | D:1      | Slain by a giant cockroach

Illustrated notes

Levels and vault maps discovered:
D:1:      zelgadis_glass_arrival_small, layout_rooms

Action                   || total
-------------------------++-------
Melee: Short sword       ||    23
Evoke: Wand              ||     3
Armor: Leather armour    ||    19
Dodge: Dodged            ||    25

Table legend:
 A = Non-vault XP
 B = Vault XP
 C = Vault XP percentage of total XP
 D = Non-vault monster count
 E = Vault monster count
 F = Vault count percentage of total count
                 A         B        C        D         E       F
            +---------+---------+-------+---------+---------+-------
      Total |      10 |       0 |   0.0 |       6 |       0 |   0.0
            +---------+---------+-------+---------+---------+-------
        D:1 |      10 |       0 |   0.0 |       6 |       0 |   0.0
            +---------+---------+-------+---------+---------+-------
